 Dungeon Crawl Stone Soup version 0.28.0 (webtiles) character file.

Game seed: 17221270188976254212

2214 Buxparty the Slinger (level 9, -1/68 HPs)
             Began as a Gnoll Wanderer on Feb 6, 2022.
             Was a Believer of the Shining One.
             Slain by a wyvern (16 damage)
             ... on level 6 of the Dungeon.
             The game lasted 00:14:28 (5268 turns).

Buxparty the Slinger (Gnoll Wanderer)               Turns: 5268, Time: 00:14:29

Health: -1/68      AC:  6    Str: 12    XL:     9   Next: 35%
Magic:  16/16      EV: 13    Int:  6    God:    the Shining One [**....]
Gold:   203        SH:  0    Dex: 16    Spells: 17/18 levels left

rFire   x . .      SeeInvis .   a - +2 hunting sling
rCold   + . .      Faith    .   c - +0 buckler
rNeg    + + +      Spirit   .   d - +0 robe
rPois   +          Reflect  .   v - +2 helmet
rElec   .          Harm     .   (no cloak)
rCorr   .          Rampage  .   (no gloves)
Will    .....                   n - +0 pair of boots
Stlth   +.........              (no amulet)
HPRegen 0.21/turn               t - ring of Jerumoh {Ice +Blink rPois rN+++ Int-5}
MPRegen 0.15/turn               (no ring)

@: confused, ambrosia-drunk, glowing
A: fangs 1, strong nose, distributed training
a: Renounce Religion, Evoke Blink, Divine Shield


You were on level 6 of the Dungeon.
You worshipped the Shining One.
The Shining One was pleased with you.
You visited 1 branch of the dungeon, and saw 6 of its levels.

You collected 203 gold pieces.

Inventory:

Hand Weapons
 a - a +2 hunting sling (weapon)
 l - a +0 flail of protection
Missiles
 g - 87 stones (quivered ammo)
 r - 49 sling bullets
Armour
 c - a +0 buckler (worn)
 d - a +0 robe (worn)
 n - a +0 pair of boots (worn)
 v - a +2 helmet (worn)
 y - a +0 chain mail
Jewellery
 i - a ring of positive energy
 m - an amulet of faith
 t - the ring of Jerumoh (left hand) {Ice +Blink rPois rN+++ Int-5}
   (You found it on level 4 of the Dungeon)

   [ring of ice]

   It enhances your ice magic.
   Int:       It affects your intelligence (-5).
   rF:        It makes you vulnerable to fire.
   rC:        It protects you from cold.
   rPois:     It protects you from poison.
   rN:        It renders you almost immune to negative energy.
   +Blink:    It lets you blink.
 w - a ring of poison resistance
Wands
 u - a wand of acid (5)
 x - a wand of iceblast (7)
Scrolls
 e - a scroll of torment {unknown}
 h - a scroll of silence {unknown}
 j - 3 scrolls of identify {unknown}
 k - a scroll of blinking {unknown}
 p - a scroll of fear {unknown}
 s - a scroll of teleportation {unknown}
 z - a scroll of immolation {unknown}
Potions
 f - a potion of heal wounds {unknown}
 o - a potion of resistance {unknown}
 q - a potion of attraction {unknown}


   Skills:
 + Level 5.0 Fighting
 + Level 4.1 Short Blades
 + Level 4.1 Long Blades
 + Level 4.1 Axes
 + Level 4.1 Maces & Flails
 + Level 4.1 Polearms
 + Level 4.1 Staves
 + Level 11.2 Slings
 + Level 4.1 Bows
 + Level 4.1 Crossbows
 + Level 4.1 Throwing
 + Level 4.1 Armour
 + Level 4.1 Dodging
 + Level 4.1 Stealth
 + Level 6.2 Shields
 + Level 4.1 Unarmed Combat
 + Level 5.1 Spellcasting
 + Level 3.4 Conjurations
 + Level 3.4 Hexes
 + Level 3.4 Summonings
 + Level 3.4 Necromancy
 + Level 3.4 Translocations
 + Level 3.4 Transmutations
 + Level 3.4 Fire Magic
 + Level 3.4 Ice Magic
 + Level 3.4 Air Magic
 + Level 3.4 Earth Magic
 + Level 4.1 Poison Magic
 + Level 4.5 Invocations
 + Level 4.1 Evocations


You had 17 spell levels left.
You knew the following spells:

 Your Spells              Type           Power      Damage    Failure   Level
a - Sting                 Tmut/Pois      24%        1d4       9%          1

Your spell library contained the following spells:

 Spells                   Type           Power      Damage    Failure   Level
 Animate Skeleton         Necr           10%        N/A       10%         1
 Pain                     Necr           20%        1d5       10%         1
 Ensorcelled Hibernation  Hex/Ice        16%        N/A       14%         2
 Spider Form              Tmut/Pois      6%         N/A       24%         3
 Mephitic Cloud           Conj/Pois/Air  5%         N/A       26%         3
 Vampiric Draining        Necr           5%         2d6       28%         3
 Anguish                  Hex/Necr       2%         N/A       67%         4


Dungeon Overview and Level Annotations

Branches:
Dungeon (6/15)             Temple (0/1) D:5

Altars:
Ashenzari
Makhleb
Qazlal
Ru
Trog
Zin
The Shining One

Shops:
D:1 [

Annotations:
D:6 Eustachio


Innate Abilities, Weirdness & Mutations

You have very sharp teeth.
Your uncanny sense of smell can sniff out nearby items.
Your experience applies equally to all skills.


Message History

g - 91 stones (gained 2)
You hear the rapid hiss of a very distant avalanche of sand.
Found a mace.
A wyvern comes into view.
The wyvern moves out of view.
Found 4 gold pieces.
Eustachio the Magnificent comes into view.
He is wielding a +0 rapier.
Found an escape hatch in the floor.
Eustachio shouts!
You shoot a stone. The stone hits Eustachio.
Eustachio is lightly wounded.
Eustachio gestures wildly while chanting.
You shoot a stone.
The stone hits the shadow imp but does no damage.
Eustachio gestures wildly while chanting.
Eustachio blinks!
The shadow imp gestures at you.
You are unaffected.
Eustachio yells, "Perjured traitor, DIE!"
Eustachio drinks a potion.
Eustachio's spells are empowered!
The wyvern bites you!
You shoot a stone. The stone hits the wyvern!
The wyvern is moderately wounded.
The wyvern bites you!
Eustachio casts a spell.
Eustachio blinks!
You shoot a stone. The stone hits the wyvern.
The wyvern is moderately wounded.
The wyvern bites you! The wyvern bites you!
You are too injured to fight recklessly!
The hiss of flowing sand is almost imperceptible now.
The wyvern bites you!
* * * LOW HITPOINT WARNING * * *
The wyvern bites you.
* * * LOW HITPOINT WARNING * * *
It was a potion of ambrosia.
You are confused.
You feel invigorated. The wyvern bites you!
You die...

#....>..######.##
##. #.....###
###.# #. #.....#
###...# #.
#.....# ##...###
#.
###.#.###..######
#.
#...##..........
##
##..##..........
# #..##..≈≈≈≈≈≈≈.
##@.#..≈≈≈≈≈≈≈.
###l.#.......≈≈.
#............≈≈.
#..5.#.......≈≈.
#............≈≈
#......._....≈
#....#....P...
#...(.........
#....#...#....


You could see a wyvern and a shadow imp (summoned).

Vanquished Creatures
  Grinder (D:4)
  Prince Ribbit (D:5)
  Sigmund (D:4)
  A shadow (D:6)
  Edmund (D:4)
  A water moccasin (D:6)
  An ice beast (D:5)
  A black bear (D:4)
  A centaur (D:6)
  A phantom (D:4)
  Blork the orc (D:4)
  2 scorpions
  A water moccasin zombie (D:5)
  A centaur zombie (D:5)
  5 hounds
  A jelly (D:4)
  A gnoll shaman (D:6)
  Ijyb (D:5)
  2 iguanas
  Natasha (thrice) (D:2)
  3 orc wizards (D:5)
  Terence (D:2)
  9 adders
  3 gnolls (D:6)
  An ufetubus (D:5)
  A worm (D:2)
  4 dart slugs
  4 orcs
  4 ball pythons
  5 endoplasms
  A giant cockroach (D:4)
  10 goblins
  12 hobgoblins
  2 jackals (D:1)
  9 kobolds
  7 quokkas
  10 bats
  2 frilled lizards
  6 rats
122 creatures vanquished.

Vanquished Creatures (others)
  2 gnolls (D:6)
  6 plants (D:6)
8 creatures vanquished.

Grand Total: 130 creatures vanquished

Notes
Turn   | Place    | Note
-------+----------+-------------------------------------------
     0 | D:1      | Reached skill level 10 in Slings
     0 | D:1      | Buxparty the Gnoll Wanderer began the quest for the Orb.
     0 | D:1      | Buxparty set off with the following items: a +2 hunting
                  | sling, 20 sling bullets, a +0 buckler, a +0 robe; and the
                  | following spell memorised: Sting; and the following spells
                  | available to memorise: Mephitic Cloud
     0 | D:1      | Reached XP level 1. HP: 17/17 MP: 4/4
    86 | D:1      | Reached XP level 2. HP: 23/23 MP: 5/5
   185 | D:1      | Found Gamoem's Antique Armour Emporium.
   328 | D:1      | Reached XP level 3. HP: 28/28 MP: 7/7
   512 | D:1      | Found a faded altar of an unknown god.
   694 | D:1      | Prayed at the altar of an unknown god.
   694 | D:1      | Became a worshipper of the Shining One
   694 | D:1      | Reached * piety under the Shining One
   733 | D:2      | Reached skill level 1 in Invocations
   773 | D:2      | Reached skill level 1 in Short Blades
   773 | D:2      | Reached skill level 1 in Long Blades
   773 | D:2      | Reached skill level 1 in Axes
   773 | D:2      | Reached skill level 1 in Maces & Flails
   773 | D:2      | Reached skill level 1 in Polearms
   773 | D:2      | Reached skill level 1 in Staves
   773 | D:2      | Reached skill level 1 in Bows
   773 | D:2      | Reached skill level 1 in Crossbows
   773 | D:2      | Reached skill level 1 in Throwing
   773 | D:2      | Reached skill level 1 in Armour
   773 | D:2      | Reached skill level 1 in Dodging
   773 | D:2      | Reached skill level 1 in Stealth
   773 | D:2      | Reached skill level 1 in Unarmed Combat
   773 | D:2      | Reached skill level 1 in Evocations
   841 | D:2      | Noticed Terence
   852 | D:2      | Killed Terence
   853 | D:2      | Reached XP level 4. HP: 27/34 MP: 8/8
   961 | D:2      | Noticed Natasha
   967 | D:2      | Killed Natasha
   968 | D:2      | Reached skill level 1 in Conjurations
   968 | D:2      | Reached skill level 1 in Hexes
   968 | D:2      | Reached skill level 1 in Summonings
   968 | D:2      | Reached skill level 1 in Necromancy
   968 | D:2      | Reached skill level 1 in Translocations
   968 | D:2      | Reached skill level 1 in Transmutations
   968 | D:2      | Reached skill level 1 in Fire Magic
   968 | D:2      | Reached skill level 1 in Ice Magic
   968 | D:2      | Reached skill level 1 in Air Magic
   968 | D:2      | Reached skill level 1 in Earth Magic
  1040 | D:2      | Reached XP level 5. HP: 40/40 MP: 9/9
  1098 | D:2      | Noticed Natasha
  1102 | D:2      | Killed Natasha
  1339 | D:2      | Noticed Natasha
  1356 | D:2      | Killed Natasha
  1676 | D:3      | Reached XP level 6. HP: 47/47 MP: 10/10
  1842 | D:3      | Reached skill level 5 in Shields
  2002 | D:3      | Reached ** piety under the Shining One
  2390 | D:4      | Noticed a black bear
  2395 | D:4      | Killed a black bear
  2396 | D:4      | Reached XP level 7. HP: 52/52 MP: 12/12
  2529 | D:4      | Identified the ring of Jerumoh {Ice +Blink rPois rN+++
                  | Int-5}
  2554 | D:4      | Noticed Sigmund
  2555 | D:4      | Noticed Grinder
  2572 | D:4      | Killed Sigmund
  2576 | D:4      | Killed Grinder
  2847 | D:4      | Reached XP level 8. HP: 60/60 MP: 14/14
  2847 | D:4      | Found a broken altar of Ashenzari.
  2847 | D:4      | Found a burning altar of Makhleb.
  2848 | D:4      | Found a glowing silver altar of Zin.
  2849 | D:4      | Found a sacrificial altar of Ru.
  2924 | D:4      | Noticed Blork the orc
  2937 | D:4      | Killed Blork the orc
  3263 | D:5      | Entered Level 5 of the Dungeon
  3263 | D:5      | Noticed Edmund
  3311 | D:4      | Killed Edmund
  3579 | D:5      | Reached skill level 11 in Slings
  4040 | D:5      | Found a stormy altar of Qazlal.
  4047 | D:5      | Noticed Ijyb
  4068 | D:5      | Killed Ijyb
  4241 | D:5      | Noticed Prince Ribbit
  4254 | D:5      | Killed Prince Ribbit
  4255 | D:5      | Reached XP level 9. HP: 66/66 MP: 16/16
  4289 | D:5      | Found a staircase to the Ecumenical Temple.
  4916 | D:6      | Reached skill level 5 in Spellcasting
  5188 | D:6      | Reached skill level 5 in Fighting
  5220 | D:6      | Found a bloodstained altar of Trog.
  5249 | D:6      | Noticed Eustachio
  5268 | D:6      | Slain by a wyvern

Illustrated notes

Levels and vault maps discovered:
D:1:      dpeg_arrival_tiny_a, layout_basic, serial_shops, shop,
          dreamdust_ecumenical_altar_angels_and_demons
D:2:      layout_basic, uniq_terence, uniq_natasha
D:3:      cheibrodos_greedy_goblins, layout_basic
D:4:      layout_basic, minitemple, hangedman_abyss_or_decor_passed,
          uniq_grinder, uniq_blork_the_orc, uniq_sigmund
D:5:      layout_loops_ring, mainiacjoe_overflow_catwalk,
          minmay_temple_entry_mini_moons, hangedman_decor_growths,
          uniq_prince_ribbit1, uniq_ijyb, uniq_edmund
D:6:      layout_rooms, mainiacjoe_overflow_chevrons,
          nicolae_ossuary_entry_monument, minmay_ruffians, uniq_eustachio,
          uniq_duvessa

Skill      XL: |  1  2  3  4  5  6  7  8  9 |
---------------+----------------------------+-----
Slings         | 11 | 11.2
Poison Magic   | 2 3 4 |  4.1
Invocations    | 1 2 3 4 |  4.5
Short Blades   | 1 2 3 4 |  4.1
Long Blades    | 1 2 3 4 |  4.1
Axes           | 1 2 3 4 |  4.1
Maces & Flails | 1 2 3 4 |  4.1
Polearms       | 1 2 3 4 |  4.1
Staves         | 1 2 3 4 |  4.1
Bows           | 1 2 3 4 |  4.1
Crossbows      | 1 2 3 4 |  4.1
Throwing       | 1 2 3 4 |  4.1
Armour         | 1 2 3 4 |  4.1
Dodging        | 1 2 3 4 |  4.1
Stealth        | 1 2 3 4 |  4.1
Unarmed Combat | 1 2 3 4 |  4.1
Evocations     | 1 2 3 4 |  4.1
Spellcasting   | 3 4 5 |  5.1
Conjurations   | 1 2 3 |  3.4
Hexes          | 1 2 3 |  3.4
Summonings     | 1 2 3 |  3.4
Necromancy     | 1 2 3 |  3.4
Translocations | 1 2 3 |  3.4
Transmutations | 1 2 3 |  3.4
Fire Magic     | 1 2 3 |  3.4
Ice Magic      | 1 2 3 |  3.4
Air Magic      | 1 2 3 |  3.4
Earth Magic    | 1 2 3 |  3.4
Fighting       | 3 4 5 |  5.0
Shields        | 5 6 |  6.2

Action                   |  1- 3 |  4- 6 |  7- 9 || total
-------------------------+-------+-------+-------++-------
Melee: Flail             |       |     4 |     3 ||     7
       Bite              |       |     1 |       ||     1
 Fire: Hunting sling     |    82 |   146 |   334 ||   562
  Use: Potion            |       |       |     1 ||     1
Armor: Robe              |       |     7 |     8 ||    15
Dodge: Dodged            |     3 |    22 |    50 ||    75
Block: Buckler           |     2 |    11 |    27 ||    40
